 Dungeon Crawl Stone Soup version 0.24.0-37-gcf1ca852f1 (webtiles) character file.

Game seed: 12246443313079986851, levelgen mode: deterministic

54690 Delamore the Severer (level 14, 0/140 HPs)
             Began as a Hill Orc Fighter on Nov 23, 2019.
             Was the Champion of Okawaru.
             Slain by an orc warrior
             ... wielding a +0 halberd
              (3 damage)
             ... on level 1 of the Orcish Mines.
             The game lasted 00:44:42 (26744 turns).

Delamore the Severer (Hill Orc Fighter)            Turns: 26744, Time: 00:44:43

Health: 0/140      AC: 29    Str: 24    XL:     14   Next: 74%
Magic:  16/17      EV: 10    Int:  8    God:    Okawaru [******]
Gold:   2080       SH:  5    Dex: 15    Spells: 13/13 levels left

rFire    + + .     SeeInvis .   s - +2 executioner's axe (freeze)
rCold    . . .     Gourm    .   (shield currently unavailable)
rNeg     . . .     Faith    .   V - +0 plate armour of Paaxkied {rPois rF+}
rPois    +         Spirit   .   U - +0 helmet
rElec    .         Reflect  +   j - +2 cloak {+Inv}
rCorr    .         Harm     .   a - +2 pair of gloves
MR       +....     Clarity  +   I - +2 pair of boots
Stlth    ..........             Y - +5 amulet of reflection
HPRegen  0.33/turn              W - +3 ring of slaying
MPRegen  0.15/turn              J - +5 ring of dexterity

@: heroism, slowed, lightly drained, very slow
A: clarity, fire resistance 1, MP-powered wands
a: Heroism, Finesse, Renounce Religion, Evoke Invisibility


You were on level 1 of the Orcish Mines.
You worshipped Okawaru.
Okawaru was exalted by your worship.
You were not hungry.

You visited 3 branches of the dungeon, and saw 20 of its levels.
You also visited: Sewer.

You collected 2080 gold pieces.

Inventory:

Hand Weapons
 s - a +2 executioner's axe of freezing (weapon)
Missiles
 g - 2 throwing nets
 F - 14 javelins (quivered)
Armour
 a - a +2 pair of gloves (worn)
 j - a +2 cloak of invisibility (worn)
 I - a +2 pair of boots (worn)
 U - a +0 helmet (worn)
 V - the +0 plate armour of Paaxkied (worn) {rPois rF+}
   (Okawaru gifted it to you on level 4 of the Lair of Beasts)

   It protects you from fire.
   It protects you from poison.
 Z - a +0 plate armour of cold resistance
Jewellery
 y - an uncursed ring of resist corrosion
 J - a +5 ring of dexterity (right hand)
 R - an uncursed ring of positive energy
 S - an uncursed ring of protection from cold
 W - a +3 ring of slaying (left hand)
 X - an uncursed ring of flight
 Y - a +5 amulet of reflection (around neck)
Wands
 e - a wand of polymorph (7)
 u - a wand of digging (14)
 v - a wand of paralysis (2)
 E - a wand of flame (56)
 H - a wand of iceblast (16)
 K - a wand of acid (11)
 N - a wand of clouds (7)
Scrolls
 c - a scroll of acquirement {unknown}
 i - a scroll of remove curse
 n - a scroll of fear
 p - 3 scrolls of enchant weapon
 q - 7 scrolls of fog
 t - 9 scrolls of teleportation
 G - a scroll of brand weapon
 P - 3 scrolls of enchant armour
 T - a scroll of holy word
Potions
 d - 2 potions of might
 h - 14 potions of curing
 k - 4 potions of flight
 l - 3 potions of degeneration {unknown}
 m - 3 potions of cancellation {unknown}
 o - 3 potions of heal wounds
 r - a potion of resistance
 w - 4 potions of lignification {unknown}
 x - 3 potions of invisibility
 z - a potion of ambrosia {unknown}
 A - a potion of mutation
 B - a potion of agility
 C - 6 potions of brilliance
 D - 2 potions of berserk rage
 L - 4 potions of magic
 Q - 3 potions of haste {unknown}
Miscellaneous
 b - a sack of spiders
 O - a phial of floods
Comestibles
 f - 44 rations


   Skills:
 - Level 17.0(21.7) Fighting
 * Level 20.8(25.5) Axes
 - Level 10.9(15.7) Armour
   Level 3.2(8.1) Shields
 + Level 4.9(4.7) Invocations
 + Level 3.7(3.5) Evocations


You had 13 spell levels left.
You didn't know any spells.
Your spell library contained the following spells:

 Spells                   Type           Power        Failure   Level  Hunger
 Apportation              Tloc           #.....       97%         1    ##.....
 Confusing Touch          Hex            #.....       97%         1    ##.....
 Summon Butterflies       Summ           #.......     97%         1    ##.....
 Blink                    Tloc           N/A          99%         2    ###....
 Poisonous Vapours        Pois/Air       #.....       99%         2    ###....
 Shroud of Golubria       Chrm/Tloc      #.....       99%         2    ###....
 Confuse                  Hex            #.......     100%        3    ####...
 Conjure Flame            Conj/Fire      #.......     100%        3    ####...
 Gell's Gravitas          Tloc           #.........   100%        3    ####...
 Lesser Beckoning         Tloc           #.........   100%        3    ####...
 Mephitic Cloud           Conj/Pois/Air  #.......     100%        3    ####...
 Teleport Other           Tloc           #.......     100%        3    ####...
 Tukima's Dance           Hex            #.......     100%        3    ####...
 Passage of Golubria      Tloc           N/A          100%        4    #####..
 Petrify                  Tmut/Erth      #.......     100%        4    #####..
 Alistair's Intoxication  Tmut/Pois      #.......     100%        5    ######.
 Metabolic Englaciation   Hex/Ice        #.........   100%        5    ######.
 Yara's Violent Unravell  Hex/Tmut       #.........   100%        5    ######.
 Freezing Cloud           Conj/Ice/Air   #.........   100%        6    #######
 Invisibility             Hex            #.......     100%        6    #######
 Ring of Flames           Chrm/Fire      #.........   100%        7    #######


Dungeon Overview and Level Annotations

Branches:
Dungeon (12/15)            Temple (0/1) D:6            Lair (6/6) D:10
  Swamp (0/4) Lair:4       Spider (0/4) Lair:4        Slime (0/5) Lair:5
    Orc (2/2) D:12          Sewer (visited)
    Elf: Orc:2

Altars:
Ashenzari
Dithmenos
Elyvilon
Hepliaklqana
Nemelex Xobeh
Okawaru
Qazlal
Ru
Sif Muna
Trog
Vehumet
Wu Jian
Xom
The Shining One
Jiyva

Annotations:
D:10 2 transporters, firemonkey's ghost, novice DgEE
Lair:3 3 runed translucent doors, rlgrobin's ghost, journeyman GrFi
Lair:4 3 runed translucent doors, Cengisab's ghost, journeyman MiBe
Orc:2 Snorg


Innate Abilities, Weirdness & Mutations

You possess an exceptional clarity of mind.
Your flesh is heat resistant. (rF+)
You expend magic power (3 MP) to strengthen your wands.


Message History

The orc warrior closely misses you.
The orc warrior hits you but does no damage.
The orc wizard hits you but does no damage.
The orc closely misses you.
You barely miss the orc wizard.
The orc wizard is almost dead.
You slice the orc!! You freeze the orc.
You kill the orc!
You slice the orc warrior!! You freeze the orc warrior.
You kill the orc warrior!
Okawaru accepts your kill.
The orc wizard no longer looks unusually strong.
The orc warrior hits you from afar with a +0 halberd!!
* * * LOW HITPOINT WARNING * * *
The orc wizard hits you but does no damage.
You slash the orc wizard! You freeze the orc wizard.
You kill the orc wizard!
Okawaru accepts your kill.
The orc warrior hits you from afar with a +0 halberd.
You die...

##.#...#.#...#
##............#
....$..........
...............
.......$.......
...............
.#....)))......
......)@)o.....
$##...).†....#.
..........###$.
.......$.#.#
............#
...........##
.#.....##.#
...... ##


You could see an orc warrior.

Vanquished Creatures
  An orc warlord (Orc:1)
  Nessos (Orc:2)
  5 dire elephants (Lair:6)
  A hydra (Lair:4)
  An anaconda (Lair:6)
  4 orc high priests
  4 death yaks (Lair:6)
  2 two-headed ogres
  A death knight (D:11)
  Sonja (Orc:2)
  A flayed ghost (D:9)
  5 orc knights
  Pikel (D:4)
  2 oklob plants (Lair:6)
  5 orc sorcerers
  A wolf spider (Lair:4)
  6 black mambas
  Maurice (D:12)
  6 elephants (Lair:6)
  A manticore (D:11)
  A gargoyle (D:11)
  11 spiny frogs
  7 komodo dragons
  3 trolls
  The ghost of Delamore the Cleaver, an amateur HOFi (D:4)
  4 polar bears
  A merfolk (D:9)
  14 blink frogs
  5 dream sheep (Lair:6)
  8 hippogriffs
  Sigmund (D:4)
  4 wraiths (D:9)
  15 yaks
  A shadow (D:9)
  2 redbacks (Lair:4)
  A fire bat (D:9)
  2 hungry ghosts
  3 basilisks
  Menkaure (D:7)
  3 swamp worms (Lair:4)
  3 wargs (Orc:1)
  2 acid dragons (D:12)
  6 water moccasins
  5 porcupines
  Purgy (Sewer)
  2 slaves (D:4)
  2 black bears
  24 orc warriors
  An ice beast (D:12)
  A sky beast (D:10)
  A necrophage (D:6)
  15 ogres
  2 phantoms
  11 centaurs
  4 crocodiles
  4 big kobolds
  9 bullfrogs
  4 gnoll sergeants (D:12)
  A wyvern skeleton (D:11)
  3 scorpions
  18 killer bees
  7 howler monkeys
  An electric eel (Lair:5)
  8 crimson imps
  4 hounds
  A centaur zombie (D:11)
  3 bullfrog skeletons
  17 orc priests
  A gnoll shaman (D:7)
  3 jellies
  Jessica (D:3)
  Ijyb (D:5)
  5 iguanas
  38 orc wizards
  6 hell rats (Lair:5)
  5 worker ants
  A killer bee zombie (D:9)
  A worker ant zombie (D:9)
  9 adders
  4 gnolls
  A howler monkey skeleton (D:11)
  5 shadow imps
  An ooze (D:7)
  3 adder zombies
  8 worms
  A dart slug (D:1)
  5 leopard geckos
  85 orcs
  3 ball pythons
  14 bats
  6 giant cockroaches
  7 goblins
  2 hobgoblins
  7 jackals
  18 kobolds
  3 quokkas
  10 frilled lizards
  A giant cockroach zombie (D:5)
  A quokka skeleton (D:9)
  A quokka zombie (D:5)
  11 rats
  3 fungi (Lair:6)
  8 plants
577 creatures vanquished.

Vanquished Creatures (others)
  An adder (D:5)
  An orc (Orc:2)
  A jackal (D:5)
  6 fungi
  3 plants
12 creatures vanquished.

Grand Total: 589 creatures vanquished

Notes
Turn   | Place    | Note
-------+----------+-------------------------------------------
     0 | D:1      | Delamore the Hill Orc Fighter began the quest for the Orb.
     0 | D:1      | Reached XP level 1. HP: 19/19 MP: 1/1
    38 | D:1      | Reached skill level 3 in Axes
   136 | D:1      | Reached XP level 2. HP: 23/26 MP: 2/2
   491 | D:1      | Reached skill level 4 in Axes
   679 | D:1      | Reached XP level 3. HP: 27/31 MP: 3/3
   981 | D:2      | Found an iron altar of Okawaru.
  1068 | D:2      | Reached skill level 5 in Axes
  1355 | D:2      | Reached XP level 4. HP: 24/39 MP: 4/4
  1515 | D:3      | Reached skill level 6 in Axes
  1867 | D:3      | Reached XP level 5. HP: 45/45 MP: 5/5
  1906 | D:3      | Noticed Jessica
  1912 | D:3      | Killed Jessica
  1912 | D:3      | Reached skill level 7 in Axes
  1915 | D:3      | Found a shattered altar of Ashenzari.
  2182 | D:3      | Found a shattered altar of Ashenzari.
  2522 | D:2      | Became a worshipper of Warmaster Okawaru
  2910 | D:2      | Found a white marble altar of Elyvilon.
  3210 | D:3      | Reached skill level 8 in Axes
  3210 | D:3      | Reached XP level 6. HP: 34/51 MP: 6/6
  3494 | D:4      | Found a runed translucent door.
  3494 | D:4      | Noticed Delamore's ghost (amateur HOFi)
  3675 | D:4      | Noticed Sigmund
  3762 | D:4      | Killed Sigmund
  3762 | D:4      | Reached * piety under Okawaru
  3762 | D:4      | Reached skill level 9 in Axes
  3762 | D:4      | Reached XP level 7. HP: 57/57 MP: 7/7
  3812 | D:4      | Reached skill level 10 in Axes
  3896 | D:4      | Found a glowing drain.
  3916 | Sewer    | Entered a sewer
  4093 | Sewer    | Noticed Purgy
  4112 | Sewer    | Killed Purgy
  4550 | D:4      | Reached skill level 11 in Axes
  4798 | D:5      | Entered Level 5 of the Dungeon
  4816 | D:5      | Reached XP level 8. HP: 18/64 MP: 8/8
  4829 | D:4      | Reached skill level 12 in Axes
  5062 | D:4      | Reached ** piety under Okawaru
  5071 | D:5      | Noticed Pikel
  5236 | D:4      | Killed Pikel
  5236 | D:4      | Reached skill level 13 in Axes
  5498 | D:4      | Killed Delamore's ghost
  5498 | D:4      | Reached skill level 14 in Axes
  5498 | D:4      | Reached XP level 9. HP: 60/70 MP: 7/9
  5588 | D:5      | Found a radiant altar of Vehumet.
  5589 | D:5      | Found a stormy altar of Qazlal.
  5625 | D:5      | Noticed Ijyb
  5637 | D:5      | Killed Ijyb
  6251 | D:6      | Reached *** piety under Okawaru
  6326 | D:6      | Found an ornate altar of the Wu Jian Council.
  6555 | D:6      | Found a staircase to the Ecumenical Temple.
  6678 | D:6      | Reached skill level 15 in Axes
  7137 | D:6      | Found a sacrificial altar of Ru.
  7615 | D:7      | Received a gift from Okawaru
  8204 | D:7      | Found a sparkling altar of Nemelex Xobeh.
  8228 | D:7      | Reached skill level 16 in Axes
  8277 | D:7      | Found a shimmering altar of Xom.
  8440 | D:7      | Noticed Menkaure
  8448 | D:7      | Killed Menkaure
  8502 | D:7      | Found a hazy altar of Hepliaklqana.
  9079 | D:8      | Reached XP level 10. HP: 72/77 MP: 10/10
  9339 | D:8      | Reached skill level 17 in Axes
  9659 | D:9      | Reached **** piety under Okawaru
  9784 | D:9      | Found a shadowy altar of Dithmenos.
  9996 | D:9      | Found a shimmering blue altar of Sif Muna.
 10191 | D:9      | Found a glowing golden altar of the Shining One.
 10199 | D:9      | Found a runed translucent door.
 10222 | D:9      | Reached skill level 18 in Axes
 10249 | D:9      | Found a shattered altar of Ashenzari.
 10258 | D:9      | Noticed a flayed ghost
 10289 | D:9      | Found a shimmering altar of Xom.
 10323 | D:9      | Found an iron altar of Okawaru.
 10346 | D:9      | Reached ***** piety under Okawaru
 10371 | D:9      | Found a bloodstained altar of Trog.
 10384 | D:9      | Found a shimmering altar of Xom.
 10543 | D:9      | Killed a flayed ghost
 10543 | D:9      | Reached skill level 19 in Axes
 10635 | D:9      | Noticed a two-headed ogre
 10801 | D:8      | Killed a two-headed ogre
 10801 | D:8      | Reached XP level 11. HP: 42/82 MP: 11/11
 10988 | D:9      | Received a gift from Okawaru
 11271 | D:10     | Entered Level 10 of the Dungeon
 11387 | D:10     | Reached skill level 5 in Fighting
 11434 | D:10     | Found a staircase to the Lair.
 11614 | D:10     | Noticed a centaur warrior
 11616 | D:10     | Noticed firemonkey's ghost (novice DgEE)
 11627 | D:10     | Found a transporter.
 11637 | D:10     | Found a transporter.
 11726 | D:10     | Noticed a two-headed ogre
 11734 | D:10     | Killed a two-headed ogre
 12258 | Lair:1   | Entered Level 1 of the Lair of Beasts
 13007 | D:11     | Noticed a manticore
 13019 | D:11     | Killed a manticore
 13673 | D:11     | Received a gift from Okawaru
 13677 | D:11     | Reached skill level 10 in Fighting
 14051 | D:11     | Noticed a death knight
 14077 | D:11     | Killed a death knight
 14077 | D:11     | Reached XP level 12. HP: 8/110 MP: 12/12
 14651 | D:11     | Found a bloodstained altar of Trog.
 16024 | Lair:3   | Reached ****** piety under Okawaru
 16337 | Lair:3   | Found a runed translucent gate.
 16337 | Lair:3   | Found a runed translucent gate.
 16337 | Lair:3   | Found a runed translucent gate.
 16340 | Lair:3   | Noticed rlgrobin's ghost (journeyman GrFi)
 16343 | Lair:3   | Noticed a minotaur
 17199 | Lair:4   | Received a gift from Okawaru
 17210 | Lair:4   | Got a transparent plate armour {god gift}
 17232 | Lair:3   | Identified the +0 plate armour of Paaxkied {rPois rF+}
                  | (Okawaru gifted it to you on level 4 of the Lair of Beasts)
 17416 | Lair:4   | Found a runed translucent gate.
 17416 | Lair:4   | Found a runed translucent gate.
 17418 | Lair:4   | Found a runed translucent gate.
 17420 | Lair:4   | Noticed Cengisab's ghost (journeyman MiBe)
 17481 | Lair:4   | Noticed an eight-headed hydra
 17890 | Lair:4   | Found a hole to the Spider Nest.
 17955 | Lair:4   | Killed a ten-headed hydra
 18168 | Lair:4   | Found a staircase to the Swamp.
 18179 | Lair:4   | Reached skill level 15 in Fighting
 18994 | Lair:5   | Reached XP level 13. HP: 109/128 MP: 13/13
 19501 | Lair:5   | Found a staircase to the Slime Pits.
 19501 | Lair:5   | Found a viscous altar of Jiyva.
 19629 | Lair:6   | Entered Level 6 of the Lair of Beasts
 20255 | Lair:6   | Reached skill level 5 in Armour
 20257 | Lair:6   | Received a gift from Okawaru
 20538 | Lair:6   | Received a gift from Okawaru
 20547 | Lair:6   | Got a transparent battleaxe {god gift}
 20766 | Lair:6   | Identified the +3 battleaxe of Oenomania {pain, *Corrode
                  | rN+ Stlth+} (Okawaru gifted it to you on level 6 of the
                  | Lair of Beasts)
 22129 | Lair:6   | Gained mutation: You expend magic power (3 MP) to
                  | strengthen your wands. [potion of mutation]
 22129 | Lair:6   | Gained mutation: Your flesh is heat resistant. (rF+)
                  | [potion of mutation]
 22129 | Lair:6   | Gained mutation: You possess an exceptional clarity of
                  | mind. [potion of mutation]
 22140 | Lair:6   | Noticed a dire elephant
 22140 | Lair:6   | Noticed a dire elephant
 22150 | Lair:6   | Killed a dire elephant
 22150 | Lair:6   | Received a gift from Okawaru
 22155 | Lair:6   | Killed a dire elephant
 22155 | Lair:6   | Reached skill level 10 in Armour
 22467 | Lair:6   | Noticed a dire elephant
 22470 | Lair:6   | Noticed a dire elephant
 22470 | Lair:6   | Noticed a dire elephant
 22476 | Lair:6   | Killed a dire elephant
 22476 | Lair:6   | Reached XP level 14. HP: 119/140 MP: 14/14
 22481 | Lair:6   | Killed a dire elephant
 22489 | Lair:6   | Killed a dire elephant
 22980 | D:12     | Found a staircase to the Orcish Mines.
 23032 | D:12     | Received a gift from Okawaru
 23411 | D:12     | Noticed Maurice
 23420 | D:12     | Killed Maurice
 23988 | Orc:1    | Entered Level 1 of the Orcish Mines
 24011 | Orc:1    | Reached skill level 20 in Axes
 24048 | Orc:1    | Reached skill level 1 in Invocations
 24524 | Orc:1    | Reached skill level 1 in Evocations
 24876 | Orc:2    | Entered Level 2 of the Orcish Mines
 24988 | Orc:2    | Noticed Sonja
 24994 | Orc:2    | Killed Sonja
 25009 | Orc:1    | Paralysed by an orc sorcerer for 3 turns
 25826 | Orc:2    | Paralysed by an orc sorcerer for 3 turns
 25829 | Orc:2    | Received a gift from Okawaru
 25842 | Orc:2    | Paralysed by an orc sorcerer for 5 turns
 26700 | Orc:2    | Noticed Nessos
 26713 | Orc:2    | Killed Nessos
 26721 | Orc:2    | Noticed an orc warlord
 26728 | Orc:2    | Noticed Snorg
 26736 | Orc:1    | Killed an orc warlord
 26743 | Orc:1    | HP: 2/140 [orc warrior/+0 halberd (25)]
 26744 | Orc:1    | Slain by an orc warrior

Levels and vault maps discovered:
D:1:      lightli_arrival_farm, layout_loops_ring, serial_forest,
          infiniplex_forest_clump_curved, infiniplex_forest_diagonal,
          infiniplex_forest_clump_double, infiniplex_forest_straight_2,
          infiniplex_forest_clump_small, infiniplex_forest_lined_2,
          infiniplex_forest_clump_small, infiniplex_forest_end_2,
          serial_park_tiny_pond
D:2:      layout_loops_ring, lemuel_coloured_pillars_altar,
          nicolae_overflow_hidden_temple, skrybe_limestone_x, st_stairs_7,
          minmay_distorted
D:3:      layout_basic, lemuel_round_altar, cheibrodos_ashenzari_chains,
          uniq_jessica
D:4:      layout_basic, cheibrodos_sewer_entry_sluice, first_ration,
          gammafunk_ghost_grave, hex_intersection, uniq_sigmund
D:5:      layout_cave_pools, gammafunk_temple_overflow_statue, serial_rivers,
          chequers_serial_rivers_small_b, chequers_serial_rivers_room_b,
          chequers_serial_rivers_small_3, chequers_serial_rivers_micro_d,
          chequers_serial_rivers_micro_c, chequers_serial_rivers_micro_e,
          uniq_ijyb, uniq_pikel
D:6:      layout_layer_cave, old_standard_altar, old_standard_altar,
          minmay_temple_entry_nine_rooms, serial_bayou_pond_e
D:7:      layout_basic, nicolae_overflow_crystal_walls, basic_altar,
          nemelex_spade_bored_becter, uniq_menkaure
D:8:      layout_basic
D:9:      due_megacathedral, layout_basic, kennysheep_mini, hangedman_fish_farm,
          nicolae_dithmenos_shadow_blocks
D:10:     layout_irregular_city, david_lair_shrubbed, gammafunk_ghost_arena
D:11:     layout_big_octagon, trog_ov_bears_minmay
D:12:     layout_loops_cross, kennysheep_orc_monster_closet_entryway,
          uniq_maurice
Lair:1:   layout_chaotic_city, lemuel_fruit_fields
Lair:2:   layout_regular_city, grunt_megastairs_5
Lair:3:   layout_big_grid, maelrawn_ghost_gauntlet_escape,
          minmay_stone_trees_medium, nicolae_quartered_pool_little,
          chequers_serial_rivers_room_b, chequers_serial_rivers_marsh,
          lemuel_fruit_tree
Lair:4:   layout_regular_city, minmay_swamp_entry_worms,
          spider_nest_entry_funnel_web, ebering_ghost_rock_garden
Lair:5:   layout_gridlike, slime_altar_1
Lair:6:   due_jungle_book, layout_cave_pods, chequers_serial_rivers_room_b,
          grunt_megastairs_3, lemuel_fruit_fields, infiniplex_staircase_pool_2,
          minmay_lair_oklob_chamber
Orc:1:    layout_caves
Orc:2:    st_orc_elflike, layout_diamond_mine, guppyfry_library_mini,
          uniq_snorg, uniq_sonja, uniq_nessos

Skill      XL: |  1  2  3  4  5  6  7  8  9 10 11 12 13 14 |
---------------+-------------------------------------------+-----
Axes           | 3 4 5 6 8 9 11 14 16 19 20 | 20.8
Fighting       | 11 15 17 | 17.0
Armour         | 10 | 10.9
Invocations    | 4 |  4.9
Evocations     | 3 |  3.7
Shields        | |  3.2

Action                   |  1- 3 |  4- 6 |  7- 9 | 10-12 | 13-15 || total
-------------------------+-------+-------+-------+-------+-------++-------
Melee: War axe           |   111 |   124 |   374 |   232 |       ||   841
       Broad axe         |       |       |       |   443 |   118 ||   561
       Battleaxe         |       |       |       |       |    90 ||    90
       Executioner's axe |       |       |       |       |   290 ||   290
Throw: Dart              |       |     1 |     2 |       |       ||     3
       Javelin           |       |       |     3 |    29 |     1 ||    33
Invok: Heroism           |       |       |     1 |     1 |     2 ||     4
       Finesse           |       |       |       |     1 |       ||     1
Evoke: Wand              |       |       |       |     8 |       ||     8
  Use: Potion            |       |       |     5 |     2 |     2 ||     9
       Scroll            |       |       |     7 |    14 |     3 ||    24
  Eat: Chunk             |     1 |     8 |    11 |    32 |    18 ||    70
       Ration            |       |       |     2 |     1 |     2 ||     5
Armor: Scale mail        |    45 |    34 |   125 |     6 |       ||   210
       Ring mail         |       |       |       |   161 |       ||   161
       Plate armour      |       |       |       |    54 |   297 ||   351
Dodge: Dodged            |    36 |    32 |   106 |   155 |   140 ||   469
Block: Shield            |    53 |    50 |   166 |   293 |    42 ||   604
       Other             |       |       |       |       |    91 ||    91
       Reflection        |       |       |       |       |     9 ||     9
